 Dungeon Crawl Stone Soup version 0.22-a0-196-gee22f2738c (webtiles) character file.

729 RedPan the Blocker (level 8, -8/58 HPs)
             Began as a Formicid Fighter on Feb 17, 2018.
             Was a Believer of Kikubaaqudgha.
             Splashed by Ijyb's acid (9 damage)
             ... on level 3 of the Dungeon.
             The game lasted 00:05:41 (2801 turns).

RedPan the Blocker (Formicid Fighter)               Turns: 2801, Time: 00:06:11

Health: -8/58      AC: 11    Str: 28    XL:     8   Next: 3%
Magic:  8/8        EV:  8    Int:  8    God:    Kikubaaqudgha [**....]
Gold:   132        SH: 12    Dex: 10    Spells: 7/7 levels left

rFire    . . .     SeeInvis +   a - +0 war axe
rCold    . . .     Gourm    .   c - +0 shield
rNeg     . . .     Faith    .   l - +0 chain mail
rPois    .         Spirit   .   (helmet unavailable)
rElec    .         Reflect  .   (no cloak)
rCorr    .         Harm     .   (no gloves)
MR       .....                  (no boots)
Stlth    ..........             (no amulet)
HPRegen  0.19/turn              h - ring of loudness (curse)
MPRegen  0.11/turn              (no ring)

@: mighty
A: permanent stasis, dig shafts and tunnels, four strong arms, antennae 3
a: Dig, Shaft Self, Receive Corpses, Renounce Religion


You were on level 3 of the Dungeon.
You worshipped Kikubaaqudgha.
Kikubaaqudgha was pleased with you.
You were not hungry.

You visited 1 branch of the dungeon, and saw 5 of its levels.

You collected 132 gold pieces.

Inventory:

Hand Weapons
 a - a +0 war axe (weapon)
Armour
 c - a +0 shield (worn)
 l - a +0 chain mail (worn)
Jewellery
 h - a cursed ring of loudness (left hand)
Scrolls
 j - a scroll of remove curse {unknown}
Potions
 e - a potion of brilliance
 i - a potion of flight
Books
 d - Kikubaaqudgha's Catalogue of Black Arts
   (Kikubaaqudgha gifted it to you on level 2 of the Dungeon)

   Spells                             Type                      Level
   a - Pain                           Necromancy                   1
   b - Corpse Rot                     Necromancy                   2
   c - Sublimation of Blood           Necromancy                   2
   d - Regeneration                   Charms/Necromancy            3
Comestibles
 b - 10 chunks of flesh
 f - 2 rations


   Skills:
 - Level 3.2 Fighting
 + Level 8.4 Axes
 + Level 9.6 Armour
 + Level 10.4 Shields


You had 7 spell levels left.
You didn't know any spells.

Dungeon Overview and Level Annotations

Branches:
Dungeon (5/15)
 Temple: D:4-7

Altars:
Kikubaaqudgha
Nemelex Xobeh
Ru

Annotations:
D:3 Ijyb


Innate Abilities, Weirdness & Mutations

You cannot be hasted, slowed, berserked, paralysed or teleported.
You can dig through walls and to a lower floor.
Your four strong arms can wield two-handed weapons with a shield.
You have a pair of large antennae on your head. (SInv)


Message History

You hit Ijyb but do no damage. You closely miss the orc.
The orc hits you but does no damage. Ijyb hits you but does no damage.
You barely miss Ijyb. You closely miss the orc.
The orc hits you but does no damage. Ijyb hits you but does no damage.
You slash Ijyb!
Ijyb is moderately wounded.
You slash the orc!
You kill the orc!
Kikubaaqudgha accepts your kill.
Ijyb zaps a wand.
The bolt of acid hits you!
You are splashed with acid!
The acid burns!
* * * LOW HITPOINT WARNING * * *
You aren't carrying any items that you can evoke.
You feel very mighty all of a sudden. Ijyb screams, "I cut your head off!"
Ijyb zaps a wand.
The bolt of acid hits you!
* * * LOW HITPOINT WARNING * * *
You are splashed with acid!
The acid burns!
You die...
Kikubaaqudgha rasps: "You have failed me!
Welcome... death!" ####### .....## ...%. ### ooo

.# #.. #g########.#
#.. #..###@#........#
#.. #>...[.....###..#
#.. #..###.#.#..##..#
#.. #
.....##.##..#####..
.................(...
#####.#.........((....
#.#.###.#.((######
..⌠.⌠...†.........
##.._..#..##.#....#


You could see Ijyb and 3 orcs.

Vanquished Creatures
  A phantom (D:4)
  A bullfrog (D:4)
  An orc priest (D:4)
  A hound (D:4)
  A jelly (D:2)
  An iguana (D:4)
  3 orc wizards (D:4)
  7 adders
  2 oozes (D:2)
  A worm (D:3)
  2 dart slugs (D:2)
  2 leopard geckos
  10 orcs
  A giant cockroach (D:3)
  8 goblins
  4 hobgoblins
  16 jackals
  9 bats
  3 frilled lizards (D:2)
  5 kobolds
  5 rats
84 creatures vanquished.

Vanquished Creatures (others)
  A quokka (D:3)
1 creature vanquished.

Grand Total: 85 creatures vanquished

Notes
Turn   | Place    | Note
-------+----------+-------------------------------------------
     0 | D:1      | RedPan the Formicid Fighter began the quest for the Orb.
     0 | D:1      | Reached XP level 1. HP: 18/18 MP: 1/1
    63 | D:1      | Reached XP level 2. HP: 14/24 MP: 2/2
   338 | D:1      | Reached skill level 4 in Shields
   511 | D:2      | Reached XP level 3. HP: 20/29 MP: 3/3
   668 | D:2      | Found a sacrificial altar of Ru.
   705 | D:2      | Reached XP level 4. HP: 7/35 MP: 4/4
   995 | D:2      | Reached XP level 5. HP: 16/41 MP: 5/5
  1179 | D:2      | Found a faded altar of an unknown god.
  1204 | D:2      | Became a worshipper of Kikubaaqudgha
  1204 | D:2      | Reached * piety under Kikubaaqudgha
  1204 | D:2      | Identified Kikubaaqudgha's Catalogue of Black Arts (Kikubaaqudgha gifted it to you on level 2 of the Dungeon)
  1204 | D:2      | Received a gift from Kikubaaqudgha
  1970 | D:3      | You fall through a shaft for 2 floors!
  1970 | D:5      | Entered Level 5 of the Dungeon
  1976 | D:5      | Noticed a bullfrog
  2011 | D:4      | Killed a bullfrog
  2011 | D:4      | Reached skill level 5 in Shields
  2011 | D:4      | Reached XP level 6. HP: 19/47 MP: 6/6
  2019 | D:4      | HP: 1/70 [hound (4)]
  2021 | D:4      | Reached skill level 10 in Shields
  2021 | D:4      | Reached XP level 7. HP: 1/52 MP: 7/7
  2432 | D:4      | Reached ** piety under Kikubaaqudgha
  2649 | D:4      | Reached XP level 8. HP: 58/58 MP: 8/8
  2772 | D:3      | Found a sparkling altar of Nemelex Xobeh.
  2786 | D:3      | Noticed Ijyb
  2801 | D:3      | HP: 1/58 [Ijyb/wand of acid (3) (7)]
  2801 | D:3      | Splashed by Ijyb's acid

Vault maps used:
D:1:      roderic_chinese_lattice_arrival
D:2:      cheibrodos_helix_gallery, lemuel_doored_altar,
          chequers_ecumenical_altar_island, minmay_pentomino_o2
D:3:      nemelex_xobeh_ov_fountains_minmay, first_ration, elyvilon_altar_4,
          uniq_ijyb
D:4:      uniq_natasha
D:5:      uniq_blork_the_orc

Skill      XL: |  1  2  3  4  5  6 |
---------------+-------------------+-----
Shields        | 4 5 10 | 10.4
Armour         | 4 9 |  9.6
Axes           | 3 8 |  8.4
Fighting       | |  3.2

Action                   |  1- 3 |  4- 6 |  7- 9 || total
-------------------------+-------+-------+-------++-------
Melee: War axe           |    74 |   115 |   125 ||   314
 Abil: Dig               |       |     1 |       ||     1
  Use: Potion            |     1 |     5 |     2 ||     8
       Scroll            |       |       |     1 ||     1
  Eat: Chunk             |       |     4 |     3 ||     7
Armor: Scale mail        |    84 |    40 |       ||   124
       Chain mail        |       |    28 |    43 ||    71
       Skin              |       |    11 |     2 ||    13
Dodge: Dodged            |    56 |    47 |    32 ||   135
Block: Shield            |    69 |    86 |    63 ||   218

Table legend:
 A = Spawn XP
 B = Non-spawn XP
 C = Spawn XP percentage of total XP
 D = Spawn monster count
 E = Non-spawn monster count
 F = Spawn count percentage of total count
 G = Total turns spent on level
                    A         B        C        D         E        F      G
               +---------+---------+-------+---------+---------+-------+---------
         Total |       0 |     735 |   0.0 |       0 |      84 |   0.0 |  2801
               +---------+---------+-------+---------+---------+-------+---------
           D:1 |       0 |      24 |   0.0 |       0 |      15 |   0.0 |   499
           D:2 |       0 |     164 |   0.0 |       0 |      31 |   0.0 |  1196
           D:3 |       0 |      40 |   0.0 |       0 |      17 |   0.0 |   407
           D:4 |       0 |     507 |   0.0 |       0 |      21 |   0.0 |   673
               +---------+---------+-------+---------+---------+-------+---------
